 Dungeon Crawl Stone Soup version 0.22.1-1-ga44c0e5 (webtiles) character file.

123 lysyklops the Skirmisher (level 5, -9/33 HPs)
             Began as a Gargoyle Fighter on Sept 30, 2018.
             Blown up by Ijyb (17 damage)
             ... with a wand of disintegration (11)
             ... on level 3 of the Dungeon.
             The game lasted 00:03:26 (2248 turns).

lysyklops the Skirmisher (Gargoyle Fighter)         Turns: 2248, Time: 00:03:27

Health: -9/33      AC: 11    Str: 20    XL:     5   Next: 7%
Magic:  5/5        EV:  7    Int:  9    God:
Gold:   161        SH:  9    Dex:  9    Spells: 4/4 levels left

rFire    . . .     SeeInvis .   a - +0 flail
rCold    . . .     Gourm    .   c - +0 shield
rNeg     + . .     Faith    .   b - +0 scale mail
rPois    ∞         Spirit   .   (no helmet)
rElec    +         Reflect  .   (no cloak)
rCorr    .         Harm     .   (no gloves)
MR       .....                  (no boots)
Stlth    ..........             (no amulet)
HPRegen  0.11/turn              (no ring)
MPRegen  0.09/turn              (no ring)

@: no status effects
A: negative energy resistance 1, electricity resistance, unbreathing,
petrification resistance, rot immunity, AC +4
a: no special abilities


You were on level 3 of the Dungeon.
You were hungry.

You visited 1 branch of the dungeon, and saw 3 of its levels.

You collected 161 gold pieces.

Inventory:

Hand Weapons
 a - a +0 flail (weapon)
Armour
 b - a +0 scale mail (worn)
 c - a +0 shield (worn)
Jewellery
 g - an uncursed ring of wizardry {unknown}
 j - an uncursed ring of flight {unknown}
 m - a cursed +2 ring of protection {unknown}
 p - an uncursed ring of flight {unknown}
Wands
 o - a wand of paralysis (9)
Scrolls
 e - 3 scrolls of remove curse {unknown}
 i - 7 scrolls of identify {unknown}
 l - a scroll of enchant armour {unknown}
 q - a scroll of blinking {unknown}
 r - a scroll of teleportation {unknown}
Potions
 d - 3 potions of might
 h - 3 potions of agility {unknown}
 k - a potion of curing {unknown}
 n - a potion of haste {unknown}
 s - a potion of lignification {unknown}
Comestibles
 f - 3 rations


   Skills:
 + Level 4.2 Fighting
 + Level 3.0 Maces & Flails
 + Level 4.1 Armour
 + Level 4.1 Shields


You had 4 spell levels left.
You didn't know any spells.
Your spell library was empty.

Dungeon Overview and Level Annotations

Branches:
Dungeon (3/15)

Altars:
Ashenzari
Hepliaklqana

Annotations:
D:3 Ijyb


Innate Abilities, Weirdness & Mutations

You are resistant to torment.
Your stone body is resilient. (AC +4)
You are immune to poison.
You resist negative energy. (rN+)
You are resistant to electric shocks. (rElec)
You can survive without breathing.
You are immune to petrification.
You are immune to rotting.


Message History

A worm comes into view.
Ijyb zaps a wand.
You barely resist. You closely miss Ijyb. You block Ijyb's attack.
You completely miss Ijyb. Ijyb hits you but does no damage.
You miss Ijyb. Ijyb hits you but does no damage.
Ijyb zaps a wand.
You barely resist. You barely miss Ijyb.
Ijyb zaps a wand.
You are blasted!
Ouch! That really hurt!
You closely miss Ijyb. You block Ijyb's attack.
You barely miss Ijyb. You block Ijyb's attack.
Ijyb zaps a wand.
You are blasted!
* * * LOW HITPOINT WARNING * * *
You hit Ijyb.
Ijyb is lightly wounded.
You block Ijyb's attack.
You completely miss Ijyb.
Ijyb is lightly wounded.
Ijyb zaps a wand.
You are blasted!
Ouch! That really hurt!
You die...

#########.#..........#
#................)#.#
#.####.#.#...####.#.#
#.# #.#.#.....##.#.#
#.# #.#.#.#.#.##.#.###
#.# #.#.########.#....
#.# #.#.##....####....
#.# #.###...... #....
#.# #@# ....r.. ##...
#.####g# ....#.. ####
#.#...r##...###.
#.#.##......#y#w
#.#.#..##...###.
#.#.#..# ..g.#w.
#.#.#..# ......w
#.#.#..# #......
#.#.#..# #....#


You could see Ijyb and a rat.

Vanquished Creatures
  An orc wizard (D:3)
  3 adders
  An ooze (D:3)
  2 dart slugs
  3 leopard geckos
  4 orcs (D:3)
  3 giant cockroaches
  10 goblins
  6 hobgoblins
  A ball python (D:2)
  7 bats
  2 frilled lizards
  4 kobolds
  4 rats
51 creatures vanquished.

Notes
Turn   | Place    | Note
-------+----------+-------------------------------------------
     0 | D:1      | lysyklops the Gargoyle Fighter began the quest for the Orb.
     0 | D:1      | Reached XP level 1. HP: 14/14 MP: 1/1
    11 | D:1      | Found a shattered altar of Ashenzari.
   163 | D:1      | Reached XP level 2. HP: 12/19 MP: 2/2
   815 | D:2      | Reached XP level 3. HP: 13/24 MP: 3/3
  1647 | D:3      | Reached XP level 4. HP: 29/29 MP: 4/4
  2004 | D:3      | Found a hazy altar of Hepliaklqana.
  2156 | D:3      | Reached XP level 5. HP: 24/33 MP: 5/5
  2225 | D:3      | Noticed a moth of wrath
  2231 | D:3      | Noticed Ijyb
  2248 | D:3      | Blown up by Ijyb

Skill      XL: |  1  2  3  4 |
---------------+-------------+-----
Fighting       | 4 |  4.2
Armour         | 4 |  4.1
Shields        | 4 |  4.1
Maces & Flails | 3 |  3.0

Action                   |  1- 3 |  4- 6 || total
-------------------------+-------+-------++-------
Melee: Flail             |   159 |    99 ||   258
  Eat: Chunk             |     2 |     2 ||     4
Armor: Scale mail        |   121 |    67 ||   188
Dodge: Dodged            |    60 |    30 ||    90
Block: Shield            |   100 |    50 ||   150
